 Dungeon Crawl Stone Soup version 0.31-a0-1612-g4aaf141004 (webtiles) character file.

Game seed: 12763498359618808418

53 mopl the Insei (level 3, 0/23 HPs)
             Began as an Octopode Shapeshifter on Jan 9, 2024.
             Slain by Pikel
             ... wielding a +1 whip of freezing
              (4 damage)
             ... on level 4 of the Dungeon.
             The game lasted 00:01:43 (1809 turns).

mopl the Insei (Octopode Shapeshifter)              Turns: 1809, Time: 00:01:44

Health: 0/23       AC:  1    Str: 13    XL:     3   Next: 87%
Magic:  3/3        EV: 13    Int: 12    God:
Gold:   162        SH:  0    Dex: 13    Spells: 2/2 levels left

rFire   . .          .
                       - Unarmed
rCold   . . .        (no shield)
rNeg    . . .        (helmet currently unavailable)
rPois   .            (no amulet)
rElec   .            i - ring of see invisible
rCorr   .            (no ring)
SInv    +            (no ring)
Will    .....        (no ring)
Stlth   ++           (no ring)
HPRegen 0.23/turn    (no ring)
MPRegen 0.08/turn    (no ring)
                     (no ring)

%: no passive effects
@: beast-form
A: beast (slay +2), almost no armour, amphibious, 8 rings, camouflage 1,
gelatinous body 1, (nimble swimmer 1), tentacles
a: Begin Untransformation


You were on level 4 of the Dungeon.
You were a hulking beast.
You visited 1 branch of the dungeon, and saw 4 of its levels.

You collected 162 gold pieces.

Inventory:

Missiles
 j - 5 silver javelins (quivered)
Jewellery
 i - a ring of see invisible (left tentacle)
Talismans
 b - a beast talisman
 c - a flux talisman
Scrolls
 d - 3 scrolls of identify
 f - 3 scrolls of teleportation {unknown}
 h - a scroll of enchant armour {unknown}
 k - a scroll of amnesia {unknown}
 n - 3 scrolls of enchant weapon {unknown}
Potions
 a - a potion of lignification {!q}
 e - 3 potions of curing
 g - a potion of mutation {!q}
 l - 2 potions of haste
 m - a potion of heal wounds


   Skills:
 + Level 1.6 Fighting
 + Level 2.4 Dodging
 * Level 3.5 Unarmed Combat
 * Level 3.5 Shapeshifting


You had 2 spell levels left.
You didn't know any spells.
Your spell library was empty.

Dungeon Overview and Level Annotations

Branches:
Dungeon (4/15)             Temple (0/1) D:4

Altars:

Annotations:
D:3 2 transporters, Raspi's ghost, weakling TrSh
D:4 Pikel


Innate Abilities, Weirdness & Mutations

You are a hulking beast.
Your limbs bulge with bestial killing power. (Slay +2)
You cannot wear most types of armour.
You are amphibious.
You can wear up to eight rings at the same time.
Your skin changes colour to match your surroundings (Stealth+).
Your rubbery body absorbs attacks. (AC +1, EV +1)
((You are camouflaged when in or above water. (Stealth+)))
You have tentacles for arms and can constrict up to eight enemies at once.


Message History

There is a stone staircase leading up here.
Okay, then.
e - 3 potions of curing (gained 1)
A goblin comes into view. It is wielding a +0 dagger.
A goblin is nearby!
You see here a potion of haste.
The goblin shouts!
Found a stone staircase leading down.
The goblin hits you with a +0 dagger.
You completely miss the goblin. You grab the goblin.
You tentacle-slap the goblin.
You kill the goblin!
No target in view!
l - 2 potions of haste (gained 1) HP restored.
You now have 162 gold pieces (gained 12).
d - 3 scrolls of identify (gained 1)
Found a stone staircase leading up.
There is a stone staircase leading up here.
Found a club.
Found a staircase to the Ecumenical Temple.
Found 3 poisoned darts.
Pikel, 2 lemures and an endoplasm come into view.
Pikel is wielding a +1 whip of freezing and carrying a wand of acid.
Found a scroll labelled YFOAMA CAEHOC.
The lemure shouts! x2; You hear a shout! x2
The endoplasm quivers.
Okay, then.
You barely miss Pikel. You grab Pikel.
You tentacle-slap Pikel, but do no damage.
You constrict Pikel.
Pikel hits you with a +1 whip of freezing!
Pikel freezes you.
You tentacle-slap Pikel but do no damage.
Pikel is lightly wounded.
You constrict Pikel, but do no damage.
Pikel hits you with a +1 whip of freezing!
* * * LOW HITPOINT WARNING * * *
Pikel freezes you.
You die...
Pikel says, "Another soul for the market."

#.......# #.⌠.#
#..######
####...#### #....#
.^.(J...?# #.##.#
⌠..>..⌠. #.##.#
.).... #.##.# #...#
#.##.# #.⌠.# #.##.#
..###h..# ...#.##
#.5K##.# ...#..###
#...#5...####
...##<..# ....
####....#######...#
###
####...........#
#########...# #...#
#...# #...#


You could see Pikel, 2 lemures and an endoplasm.

Vanquished Creatures
  An adder (D:2)
  6 ball pythons
  2 endoplasms
  A giant cockroach (D:2)
  8 goblins
  8 hobgoblins
  A quokka (D:2)
  2 bats
  2 frilled lizards (D:1)
  4 kobolds
  3 rats
38 creatures vanquished.

Notes
Turn   | Place    | Note
-------+----------+-------------------------------------------
     0 | D:1      | mopl the Octopode Shapeshifter began the quest for the Orb.
     0 | D:1      | Reached XP level 1. HP: 13/13 MP: 1/1
   108 | D:1      | Reached XP level 2. HP: 13/18 MP: 2/2
   759 | D:2      | Reached XP level 3. HP: 23/23 MP: 3/3
  1137 | D:3      | Noticed Raspi's ghost (weakling TrSh)
  1140 | D:3      | Noticed an ogre
  1141 | D:3      | Found a transporter.
  1148 | D:3      | Found a transporter.
  1801 | D:4      | Found a staircase to the Ecumenical Temple.
  1805 | D:4      | Noticed Pikel
  1805 | D:4      | Noticed a lemure
  1805 | D:4      | Noticed a lemure
  1809 | D:4      | Slain by Pikel

Illustrated notes

Levels and vault maps discovered:
D:1:      dpeg_arrival_long_road, layout_loops_ring
D:2:      layout_rooms
D:3:      layout_basic, gammafunk_ghost_smash, nicolae_the_louvre
D:4:      nicolae_cairo_tiling_large, layout_rooms, general_overflow_altar,
          minmay_temple_entry_junction, uniq_pikel

Action                     || total
---------------------------++-------
  Melee: Unarmed           ||    68
         Constrict         ||    24
         Tentacles         ||    13
         Punch             ||     3
    Use: Scroll            ||     4
   Stab: Sleeping          ||     4
 Armour: Skin              ||    28
  Dodge: Dodged            ||    35

Table legend: (Time is in decaauts)
 A = Elapsed time spent in this place.
 B = Non-inter-level travel time spent in this place.
 C = Inter-level travel time spent in this place.
 D = Time resting spent in this place.
 E = Time spent auto-exploring this place.
 F = Levels seen in this place.
 G = Mean time per level.
                   A        B        C        D        E       F      G
               +--------+--------+--------+--------+--------+-----+--------+
         Total |   1803 |   1750 |     53 |      0 |   1500 |   4 |  450.8 |
       Dungeon |   1803 |   1750 |     53 |      0 |   1500 |   4 |  450.8 |
               +--------+--------+--------+--------+--------+-----+--------+

Top non-repeatable levels by time:
     D:3: 640 daAuts
     D:1: 613 daAuts
     D:2: 478 daAuts
     D:4: 71 daAuts
